NEW JERSEY Devils vs ANAHEIM Ducks

Created - 10 décembre 2018 at 16:29

Goals
1 2 3 T
NEW JERSEY Devils 2 0 2 4
ANAHEIM Ducks 0 2 0 2
Shots
1 2 3 T
NEW JERSEY Devils 15 5 10 30
ANAHEIM Ducks 13 12 8 33

1st period

1. NEW JERSEY Devils , Rickard Rakell 9 (Duncan Keith 10, Joe Pavelski 16) at 16:21
2. NEW JERSEY Devils , J.T. Compher 2 (Alexander Petrovic 12, Brendan Leipsic 3) at 16:39

Penalties :
No Penalty

2nd period

3. ANAHEIM Ducks , Tyler Toffoli 6 (Jack Johnson 9, Tyler Seguin 19) at 1:22
4. ANAHEIM Ducks , Vladimir Tarasenko 9 (Alexander Edler 21) at 9:07

Penalties :
Brendan Leipsic (NJD) for Hooking (Minor) at 14:15

3rd period

5. NEW JERSEY Devils , Roman Josi 6 (John Tavares 19) at 4:33 (PP)
6. NEW JERSEY Devils , Rickard Rakell 10 (Jamie Benn 20, Roman Josi 9) at 19:37 (Empty Net)

Penalties :
Alex Ovechkin (ANA) for Holding (Minor) at 4:29, Alex Ovechkin (ANA) for Elbowing (Minor) at 16:34

Goalie Stats

Connor Hellebuyck (NJD), 31 saves from 33 shots - (0,939), W, 17-9-2, 60:00 minutes
Cam Talbot (ANA), 26 saves from 29 shots - (0,897), L, 19-10-2, 59:31 minutes

Players Stats for NEW JERSEY Devils

Player Name              G  A  P  +/- PIM S  H  SB GA TA FO     MP     PP MP  PK MP  
------------------------------------------------------------------------------------
Adam Henrique            0  0  0   0  0   4  1  0  0  0  19/26  16:35   0:00   1:11 
Alexander Petrovic       0  1  1   1  0   1  1  0  0  0  0/0    14:43   0:00   0:00 
Brendan Leipsic          0  1  1   0  2   1  0  0  0  0  0/0     6:00   0:00   0:00 
Cam Atkinson             0  0  0   0  0   2  0  0  0  0  1/1    16:00   0:00   0:36 
Christian Fischer        0  0  0   0  0   2  1  0  0  0  0/0     6:01   0:00   0:00 
Duncan Keith             0  1  1   0  0   0  3  1  0  0  0/0    22:27   0:50   0:50 
J.T. Compher             1  0  1   0  0   1  0  0  0  0  6/10    6:43   0:00   0:42 
Jakub Voracek            0  0  0   1  0   3  0  0  0  0  0/0    17:31   0:54   0:00 
Jamie Benn               0  1  1   0  0   3  2  0  0  0  4/4    19:05   1:09   0:00 
Joe Pavelski             0  1  1   1  0   0  0  0  0  0  11/19  18:07   0:54   0:36 
John Tavares             0  1  1   0  0   0  0  0  0  0  17/23  19:05   1:09   0:00 
Luke Schenn              0  0  0   1  0   1  5  0  0  0  0/0    15:33   0:00   0:50 
Mark Giordano            0  0  0   0  0   3  0  3  0  0  0/0    22:50   1:13   1:09 
Ondrej Palat             0  0  0   0  0   2  1  0  0  0  0/0    15:24   0:00   0:00 
Rickard Rakell           2  0  2   2  0   4  3  0  0  0  0/0    18:49   0:54   0:53 
Roman Josi               1  1  2   0  0   1  3  1  0  0  0/0    22:50   1:13   1:09 
Ryan McDonagh            0  0  0   0  0   0  6  2  0  0  0/0    21:37   0:50   0:00 
Steven Stamkos           0  0  0  -1  0   2  0  0  0  0  0/0    18:40   1:09   0:00 

Players Stats for ANAHEIM Ducks

Player Name              G  A  P  +/- PIM S  H  SB GA TA FO     MP     PP MP  PK MP  
------------------------------------------------------------------------------------
Alan Quine               0  0  0  -1  0   2  1  0  0  0  0/0     6:58   0:00   0:00 
Alex Ovechkin            0  0  0  -1  4   4  5  0  0  0  0/0    22:11   0:55   0:00 
Alexander Edler          0  1  1  -1  0   0  0  0  0  0  0/0    26:06   0:55   0:49 
Brandon Carlo            0  0  0   0  0   0  1  3  0  0  0/0    19:14   0:00   1:14 
Clayton Keller           0  0  0  -1  0   2  1  0  0  0  0/0     7:02   0:00   0:04 
Dougie Hamilton          0  0  0   0  0   1  1  2  0  0  0/0    14:40   1:04   0:00 
Jack Johnson             0  1  1   0  0   0  0  0  0  0  0/0    20:18   1:04   1:14 
Jesper Fast              0  0  0   0  0   1  1  0  0  0  0/1    12:11   0:00   1:09 
John Carlson             0  0  0  -1  0   2  1  1  0  0  0/0    26:06   0:55   0:49 
Justin Williams          0  0  0   0  0   3  0  0  0  0  0/0    11:02   0:00   0:00 
Mathew Barzal            0  0  0  -1  0   1  0  0  0  0  4/11   11:27   0:00   0:00 
Matt Cullen              0  0  0  -1  0   0  1  0  0  0  4/12    7:48   0:00   0:50 
Mikko Rantanen           0  0  0   1  0   3  0  0  0  0  1/1    17:44   1:04   0:00 
Paul Byron               0  0  0   1  0   4  0  0  0  0  6/26   18:57   1:04   1:13 
Robert Hagg              0  0  0   0  0   0  1  3  0  0  0/0    13:36   0:00   0:00 
Tyler Seguin             0  1  1   0  0   2  0  0  0  0  8/30   22:38   0:55   0:50 
Tyler Toffoli            1  0  1   0  0   2  2  1  0  0  1/1    21:48   0:55   0:00 
Vladimir Tarasenko       1  0  1   0  0   6  4  0  0  0  1/1    18:09   1:04   0:00 

3 Stars

1 - Rickard Rakell (NJD)
2 - Roman Josi (NJD)
3 - Connor Hellebuyck (NJD)

Power Play

NEW JERSEY Devils - 1 on 2 Attempt(s) - 50,00%
ANAHEIM Ducks - 0 on 1 Attempt(s) - 0,00%

Penalty Kill

NEW JERSEY Devils - 1 on 1 Attempt(s) - 100,00% - Score 0 goal in Penalty Kill
ANAHEIM Ducks - 1 on 2 Attempt(s) - 50,00% - Score 0 goal in Penalty Kill

Team Stat

NEW JERSEY Devils - Hits : 26 - Faceoff Wins : 58 - Blocked Shots : 7 - Penalty Minutes : 2
ANAHEIM Ducks - Hits : 19 - Faceoff Wins : 25 - Blocked Shots : 10 - Penalty Minutes : 4

Official

Referees : Unknown
Linesman : Unknown

Game Notes

Rickard Rakell has scored in a empty net!

Finance

Level 1 -- Attendance: 5255 (87,58%) -- Ticket Income 525 500 $
Level 2 -- Attendance: 4440 (88,80%) -- Ticket Income 266 400 $
Level 3 -- Attendance: 1932 (96,60%) -- Ticket Income 67 620 $
Level 4 -- Attendance: 3957 (98,93%) -- Ticket Income 79 140 $
Luxury Box -- Attendance: 845 (84,50%) -- Ticket Income 169 000 $
Game was played at the Honda Center.
Total Attendance: 16429 (91,27%)
Total Ticket Income: 1 107 660 $
Other Income: 431 987 $
Total Income: 1 539 647 $

NEW JERSEY Devils

5 vs 5 Forward 
   Center                   Left Wing                Right Wing               Time % Phy DF OF 
 1 John Tavares             Jamie Benn               Steven Stamkos           32     1   2  2  
 2 Joe Pavelski             Jakub Voracek            Rickard Rakell           30     1   2  2  
 3 Adam Henrique            Ondrej Palat             Cam Atkinson             28     1   2  2  
 4 J.T. Compher             Brendan Leipsic          Christian Fischer        10     1   2  2  

5 vs 5 Defense 
   Defense                  Defense                                           Time % Phy DF OF 
 1 Mark Giordano            Roman Josi                                        40     1   2  2  
 2 Ryan McDonagh            Duncan Keith                                      40     1   2  2  
 3 Luke Schenn              Alexander Petrovic                                10     1   2  2  
 4 Luke Schenn              Alexander Petrovic                                10     1   2  2  

PowerPlay Forward 
   Center                   Left Wing                Right Wing               Time % Phy DF OF 
 1 John Tavares             Jamie Benn               Steven Stamkos           60     1   2  2  
 2 Joe Pavelski             Jakub Voracek            Rickard Rakell           40     1   2  2  

PowerPlay Defense
   Defense                  Defense                                           Time % Phy DF OF 
 1 Mark Giordano            Roman Josi                                        60     1   2  2  
 2 Ryan McDonagh            Duncan Keith                                      40     1   2  2  

Penalty Kill 4 Players Forward 
   Center                   Wing                     Time % Phy DF OF 
 1 Adam Henrique            Rickard Rakell           60     1   2  2  
 2 Joe Pavelski             Cam Atkinson             40     1   2  2  

Penalty Kill 4 Players Defense
   Defense                  Defense                  Time % Phy DF OF 
 1 Mark Giordano            Roman Josi               60     1   2  2  
 2 Luke Schenn              Duncan Keith             40     1   2  2  

Penalty Kill - 3 Players Forward 
   Forward                                           Time % Phy DF OF 
 1 Adam Henrique                                     60     1   2  2  
 2 Cam Atkinson                                      40     1   2  2  

Penalty Kill - 3 Players Defense
   Defense                  Defense                  Time % Phy DF OF 
 1 Mark Giordano            Roman Josi               60     1   2  2  
 2 Luke Schenn              Duncan Keith             40     1   2  2  

4 vs 4 Forward 
   Center                   Wing                     Time % Phy DF OF 
 1 Steven Stamkos           Cam Atkinson             60     1   2  2  
 2 John Tavares             Rickard Rakell           40     1   2  2  

4 vs 4 Defense
   Defense                  Defense                  Time % Phy DF OF 
 1 Mark Giordano            Roman Josi               60     1   2  2  
 2 Ryan McDonagh            Duncan Keith             40     1   2  2  

Last Minutes Offensive
   Center                   Left Wing                Right Wing               Defense                  Defense                  
   Jamie Benn               John Tavares             Rickard Rakell           Mark Giordano            Roman Josi               

Last Minutes Defensive
   Center                   Left Wing                Right Wing               Defense                  Defense                  
   Jamie Benn               John Tavares             Rickard Rakell           Mark Giordano            Roman Josi               

Goaltenders
Starting : Connor Hellebuyck        
Backup : Eddie Lack               

Extra Forwards
Normal : Cam Atkinson, Rickard Rakell, Adam Henrique - PP : Cam Atkinson, John Tavares - PK : Adam Henrique
Extra Defensemen
Normal : Luke Schenn, Alexander Petrovic, Roman Josi - PP : Luke Schenn - PK : Alexander Petrovic, Mark Giordano
Penalty Shots
Adam Henrique, Cam Atkinson, John Tavares, Rickard Rakell, Joe Pavelski

ANAHEIM Ducks

5 vs 5 Forward 
   Center                   Left Wing                Right Wing               Time % Phy DF OF 
 1 Tyler Seguin             Alex Ovechkin            Tyler Toffoli            40     0   2  3  
 2 Paul Byron               Mikko Rantanen           Vladimir Tarasenko       30     1   2  2  
 3 Mathew Barzal            Jesper Fast              Justin Williams          20     1   2  2  
 4 Matt Cullen              Alan Quine               Clayton Keller           10     1   3  1  

5 vs 5 Defense 
   Defense                  Defense                                           Time % Phy DF OF 
 1 John Carlson             Alexander Edler                                   40     1   2  2  
 2 Brandon Carlo            Jack Johnson                                      30     1   2  2  
 3 Dougie Hamilton          Robert Hagg                                       20     1   2  2  
 4 John Carlson             Alexander Edler                                   10     1   2  2  

PowerPlay Forward 
   Center                   Left Wing                Right Wing               Time % Phy DF OF 
 1 Tyler Seguin             Alex Ovechkin            Tyler Toffoli            60     0   1  4  
 2 Paul Byron               Mikko Rantanen           Vladimir Tarasenko       40     0   1  4  

PowerPlay Defense
   Defense                  Defense                                           Time % Phy DF OF 
 1 John Carlson             Alexander Edler                                   60     0   2  3  
 2 Dougie Hamilton          Jack Johnson                                      40     0   2  3  

Penalty Kill 4 Players Forward 
   Center                   Wing                     Time % Phy DF OF 
 1 Paul Byron               Jesper Fast              60     0   3  2  
 2 Tyler Seguin             Matt Cullen              40     0   3  2  

Penalty Kill 4 Players Defense
   Defense                  Defense                  Time % Phy DF OF 
 1 John Carlson             Alexander Edler          60     0   3  2  
 2 Brandon Carlo            Jack Johnson             40     0   3  2  

Penalty Kill - 3 Players Forward 
   Forward                                           Time % Phy DF OF 
 1 Tyler Seguin                                      60     0   3  2  
 2 Matt Cullen                                       40     0   3  2  

Penalty Kill - 3 Players Defense
   Defense                  Defense                  Time % Phy DF OF 
 1 John Carlson             Alexander Edler          60     0   3  2  
 2 Brandon Carlo            Jack Johnson             40     0   3  2  

4 vs 4 Forward 
   Center                   Wing                     Time % Phy DF OF 
 1 Tyler Seguin             Alex Ovechkin            60     1   2  2  
 2 Tyler Toffoli            Vladimir Tarasenko       40     1   2  2  

4 vs 4 Defense
   Defense                  Defense                  Time % Phy DF OF 
 1 John Carlson             Alexander Edler          60     1   2  2  
 2 Brandon Carlo            Jack Johnson             40     1   2  2  

Last Minutes Offensive
   Center                   Left Wing                Right Wing               Defense                  Defense                  
   Tyler Seguin             Alex Ovechkin            Vladimir Tarasenko       John Carlson             Alexander Edler          

Last Minutes Defensive
   Center                   Left Wing                Right Wing               Defense                  Defense                  
   Tyler Seguin             Matt Cullen              Paul Byron               John Carlson             Alexander Edler          

Goaltenders
Starting : Cam Talbot               
Backup : J-F Berube               

Extra Forwards
Normal : Mathew Barzal, Tyler Toffoli, Paul Byron - PP : Mathew Barzal, Tyler Toffoli - PK : Paul Byron
Extra Defensemen
Normal : Jack Johnson, Brandon Carlo, Alexander Edler - PP : Jack Johnson - PK : Brandon Carlo, Alexander Edler
Penalty Shots
Alex Ovechkin, Tyler Seguin, Vladimir Tarasenko, Dougie Hamilton, Mikko Rantanen


% Time on Ice - NEW JERSEY Devils

Lines # - Real PCT - Wanted PCT - Time Play
Normal Forward
1 - 32% - 32% - 17:31
2 - 30% - 30% - 16:37
3 - 28% - 28% - 15:24
4 - 11% - 10% - 6:01
Normal Defense
1 - 36% - 40% - 20:03
2 - 37% - 40% - 20:47
3 - 14% - 10% - 7:32
4 - 13% - 10% - 7:11
PP Forward
1 - 56% - 60% - 1:09
2 - 44% - 40% - 0:54
PP Defense
1 - 59% - 60% - 1:13
2 - 41% - 40% - 0:50
PK Forward
1 - 70% - 60% - 1:23
2 - 30% - 40% - 0:36
PK Defense
1 - 58% - 60% - 1:09
2 - 42% - 40% - 0:50
PK3 Forward
1 - 0% - 60%
2 - 0% - 40%
PK3 Defense
1 - 0% - 60%
2 - 0% - 40%
44 Forward
1 - 0% - 60%
2 - 0% - 40%
44 Defense
1 - 0% - 60%
2 - 0% - 40%
Last Minute Offensive  - 0:00
Last Minute Defensive  - 0:25
Total
Forward - 60:00
Defense - 60:00

% Time on Ice - ANAHEIM Ducks

Lines # - Real PCT - Wanted PCT - Time Play
Normal Forward
1 - 38% - 40% - 20:53
2 - 30% - 30% - 16:40
3 - 20% - 20% - 11:02
4 - 13% - 10% - 6:58
Normal Defense
1 - 36% - 40% - 20:11
2 - 32% - 30% - 18:00
3 - 24% - 20% - 13:36
4 - 7% - 10% - 3:46
PP Forward
1 - 46% - 60% - 0:55
2 - 54% - 40% - 1:04
PP Defense
1 - 46% - 60% - 0:55
2 - 54% - 40% - 1:04
PK Forward
1 - 59% - 60% - 1:13
2 - 41% - 40% - 0:50
PK Defense
1 - 40% - 60% - 0:49
2 - 60% - 40% - 1:14
PK3 Forward
1 - 0% - 60%
2 - 0% - 40%
PK3 Defense
1 - 0% - 60%
2 - 0% - 40%
44 Forward
1 - 0% - 60%
2 - 0% - 40%
44 Defense
1 - 0% - 60%
2 - 0% - 40%
Last Minute Offensive  - 0:25
Last Minute Defensive  - 0:00
Total
Forward - 60:00
Defense - 60:00

Play by Play

1st period


0:01 of 1st period - Jamie Benn wins face-off versus Tyler Seguin in neutral zone.
0:03 of 1st period - Off-side.
0:04 of 1st period - Joe Pavelski wins face-off versus Paul Byron in neutral zone.
0:33 of 1st period - Shot by Vladimir Tarasenko.
0:33 of 1st period - Stopped by Connor Hellebuyck without a rebound.
0:34 of 1st period - Adam Henrique wins face-off versus Tyler Seguin in NEW JERSEY Devils zone.
0:46 of 1st period - Icing by John Carlson.
0:47 of 1st period - Tyler Seguin wins face-off versus John Tavares in ANAHEIM Ducks zone.
0:47 of 1st period - Tyler Seguin is hit by Jamie Benn.
0:53 of 1st period - Shot by John Tavares.
0:53 of 1st period - Shot Misses the Net.
2:11 of 1st period - Shot by Mathew Barzal.
2:11 of 1st period - Stopped by Connor Hellebuyck without a rebound.
2:12 of 1st period - Adam Henrique wins face-off versus Matt Cullen in NEW JERSEY Devils zone.
2:19 of 1st period - Shot by Mark Giordano.
2:19 of 1st period - Stopped by Cam Talbot with a rebound.
3:01 of 1st period - Ondrej Palat is hit by Clayton Keller and loses puck.
3:48 of 1st period - Shot by Jakub Voracek.
3:48 of 1st period - Stopped by Cam Talbot without a rebound.
3:49 of 1st period - Mathew Barzal wins face-off versus J.T. Compher in ANAHEIM Ducks zone.
3:56 of 1st period - Shot by Alexander Edler.
3:56 of 1st period - Shot Misses the Net.
4:10 of 1st period - Shot by Mathew Barzal.
4:10 of 1st period - Shot Misses the Net.
4:12 of 1st period - Shot by Jesper Fast.
4:12 of 1st period - Stopped by Connor Hellebuyck without a rebound.
4:13 of 1st period - Joe Pavelski wins face-off versus Tyler Seguin in NEW JERSEY Devils zone.
4:20 of 1st period - Shot by Rickard Rakell.
4:20 of 1st period - Stopped by Cam Talbot without a rebound.
4:21 of 1st period - Tyler Seguin wins face-off versus Joe Pavelski in ANAHEIM Ducks zone.
4:23 of 1st period - Alexander Edler is hit by Rickard Rakell and loses puck.
4:42 of 1st period - Tyler Seguin is hit by Rickard Rakell and loses puck.
4:52 of 1st period - Tyler Seguin is hit by Roman Josi and loses puck.
4:59 of 1st period - Shot by Alex Ovechkin.
4:59 of 1st period - Stopped by Connor Hellebuyck without a rebound.
5:00 of 1st period - John Tavares wins face-off versus Paul Byron in NEW JERSEY Devils zone.
5:14 of 1st period - Off-side.
5:15 of 1st period - Adam Henrique wins face-off versus Mathew Barzal in neutral zone.
5:24 of 1st period - Shot by Cam Atkinson.
5:24 of 1st period - Stopped by Cam Talbot without a rebound.
5:25 of 1st period - J.T. Compher wins face-off versus Paul Byron in ANAHEIM Ducks zone.
5:58 of 1st period - Shot by Paul Byron.
5:58 of 1st period - Deflect By Vladimir Tarasenko.
5:58 of 1st period - Stopped by Connor Hellebuyck without a rebound.
5:59 of 1st period - Adam Henrique wins face-off versus Tyler Seguin in NEW JERSEY Devils zone.
5:59 of 1st period - Adam Henrique is hit by Tyler Toffoli.
7:43 of 1st period - Ryan McDonagh is hit by Vladimir Tarasenko and loses puck.
8:05 of 1st period - Vladimir Tarasenko is hit by Alexander Petrovic and loses puck.
8:35 of 1st period - Shot by Jakub Voracek.
8:35 of 1st period - Deflect By Rickard Rakell.
8:35 of 1st period - Stopped by Cam Talbot without a rebound.
8:36 of 1st period - J.T. Compher wins face-off versus Tyler Seguin in ANAHEIM Ducks zone.
8:39 of 1st period - Shot by Christian Fischer.
8:39 of 1st period - Stopped by Cam Talbot with a rebound.
8:41 of 1st period - Shot by Mark Giordano.
8:41 of 1st period - Deflect By Brendan Leipsic.
8:41 of 1st period - Shot Hit the Post.
8:45 of 1st period - Shot by Christian Fischer.
8:45 of 1st period - Stopped by Cam Talbot without a rebound.
8:46 of 1st period - Tyler Seguin wins face-off versus Adam Henrique in ANAHEIM Ducks zone.
9:06 of 1st period - Shot by Tyler Toffoli.
9:06 of 1st period - Deflect By Tyler Seguin.
9:06 of 1st period - Stopped by Connor Hellebuyck without a rebound.
9:07 of 1st period - Mathew Barzal wins face-off versus Joe Pavelski in NEW JERSEY Devils zone.
9:07 of 1st period - Brandon Carlo is hit by Ryan McDonagh.
10:23 of 1st period - Shot by Alex Ovechkin.
10:23 of 1st period - Stopped by Connor Hellebuyck without a rebound.
10:24 of 1st period - Adam Henrique wins face-off versus Paul Byron in NEW JERSEY Devils zone.
10:35 of 1st period - Shot by Paul Byron.
10:35 of 1st period - Stopped by Connor Hellebuyck with a rebound.
10:37 of 1st period - Shot by Vladimir Tarasenko.
10:37 of 1st period - Shot Misses the Net.
10:47 of 1st period - Shot by Paul Byron.
10:47 of 1st period - Stopped by Connor Hellebuyck without a rebound.
10:48 of 1st period - John Tavares wins face-off versus Tyler Seguin in NEW JERSEY Devils zone.
10:48 of 1st period - John Tavares is hit by Alex Ovechkin.
11:01 of 1st period - Icing by Alexander Edler.
11:02 of 1st period - J.T. Compher wins face-off versus Tyler Seguin in ANAHEIM Ducks zone.
11:08 of 1st period - Icing by John Carlson.
11:09 of 1st period - John Tavares wins face-off versus Tyler Seguin in ANAHEIM Ducks zone.
11:39 of 1st period - Steven Stamkos is hit by John Carlson and loses puck.
12:19 of 1st period - Icing by Robert Hagg.
12:20 of 1st period - Adam Henrique wins face-off versus Paul Byron in ANAHEIM Ducks zone.
12:21 of 1st period - Shot by Ondrej Palat.
12:21 of 1st period - Stopped by Cam Talbot without a rebound.
12:22 of 1st period - Adam Henrique wins face-off versus Matt Cullen in ANAHEIM Ducks zone.
12:23 of 1st period - Shot by Cam Atkinson.
12:23 of 1st period - Shot Misses the Net.
12:25 of 1st period - Shot by Ryan McDonagh.
12:25 of 1st period - Shot Misses the Net.
12:27 of 1st period - Shot by Adam Henrique.
12:27 of 1st period - Shot Misses the Net.
12:33 of 1st period - Shot by Adam Henrique.
12:33 of 1st period - Shot Misses the Net.
12:35 of 1st period - Shot by Adam Henrique.
12:35 of 1st period - Stopped by Cam Talbot without a rebound.
12:36 of 1st period - Joe Pavelski wins face-off versus Paul Byron in ANAHEIM Ducks zone.
12:41 of 1st period - Shot by Jakub Voracek.
12:41 of 1st period - Stopped by Cam Talbot without a rebound.
12:42 of 1st period - Joe Pavelski wins face-off versus Paul Byron in ANAHEIM Ducks zone.
13:02 of 1st period - John Carlson is hit by Rickard Rakell and loses puck.
13:19 of 1st period - Shot by Mikko Rantanen.
13:19 of 1st period - Shot Misses the Net.
13:21 of 1st period - Shot by Alexander Edler.
13:21 of 1st period - Shot Blocked by Ryan McDonagh.
14:35 of 1st period - Shot by Tyler Toffoli.
14:35 of 1st period - Shot Hit the Post.
15:24 of 1st period - Shot by Steven Stamkos.
15:24 of 1st period - Shot Blocked by Robert Hagg.
15:26 of 1st period - Shot by Luke Schenn.
15:26 of 1st period - Shot Blocked by Robert Hagg.
15:28 of 1st period - Shot by Alexander Petrovic.
15:28 of 1st period - Stopped by Cam Talbot without a rebound.
15:29 of 1st period - Matt Cullen wins face-off versus J.T. Compher in ANAHEIM Ducks zone.
15:38 of 1st period - Shot by Clayton Keller.
15:38 of 1st period - Stopped by Connor Hellebuyck without a rebound.
15:39 of 1st period - Joe Pavelski wins face-off versus Paul Byron in NEW JERSEY Devils zone.
15:41 of 1st period - Icing by Jakub Voracek.
15:42 of 1st period - Joe Pavelski wins face-off versus Tyler Seguin in NEW JERSEY Devils zone.
16:21 of 1st period - Shot by Rickard Rakell.
16:21 of 1st period - Goal by Rickard Rakell - NEW JERSEY Devils : 1 - ANAHEIM Ducks : 0.
16:22 of 1st period - J.T. Compher wins face-off versus Matt Cullen in neutral zone.
16:35 of 1st period - Shot by Brendan Leipsic.
16:35 of 1st period - Shot Misses the Net.
16:37 of 1st period - Shot by Alexander Petrovic.
16:37 of 1st period - Shot Misses the Net.
16:39 of 1st period - Shot by J.T. Compher.
16:39 of 1st period - Goal by J.T. Compher - NEW JERSEY Devils : 2 - ANAHEIM Ducks : 0.
16:40 of 1st period - John Tavares wins face-off versus Paul Byron in neutral zone.
16:43 of 1st period - Shot by Steven Stamkos.
16:43 of 1st period - Shot Blocked by Dougie Hamilton.
16:59 of 1st period - Roman Josi is hit by Vladimir Tarasenko and loses puck.
17:08 of 1st period - Shot by Vladimir Tarasenko.
17:08 of 1st period - Shot Blocked by Mark Giordano.
17:10 of 1st period - Shot by Paul Byron.
17:10 of 1st period - Stopped by Connor Hellebuyck without a rebound.
17:11 of 1st period - Adam Henrique wins face-off versus Tyler Seguin in NEW JERSEY Devils zone.
18:27 of 1st period - Shot by Justin Williams.
18:27 of 1st period - Shot Misses the Net.
18:47 of 1st period - Shot by Justin Williams.
18:47 of 1st period - Stopped by Connor Hellebuyck without a rebound.
18:48 of 1st period - Paul Byron wins face-off versus John Tavares in NEW JERSEY Devils zone.
18:51 of 1st period - Shot by Paul Byron.
18:51 of 1st period - Stopped by Connor Hellebuyck without a rebound.
18:52 of 1st period - Paul Byron wins face-off versus John Tavares in NEW JERSEY Devils zone.
19:07 of 1st period - Shot by John Tavares.
19:07 of 1st period - Shot Misses the Net.
19:09 of 1st period - Shot by Alexander Petrovic.
19:09 of 1st period - Shot Misses the Net.
19:11 of 1st period - Shot by Luke Schenn.
19:11 of 1st period - Stopped by Cam Talbot without a rebound.
19:12 of 1st period - Matt Cullen wins face-off versus J.T. Compher in ANAHEIM Ducks zone.
19:12 of 1st period - Matt Cullen is hit by Christian Fischer.
19:28 of 1st period - Shot by Brendan Leipsic.
19:28 of 1st period - Stopped by Cam Talbot without a rebound.
19:29 of 1st period - John Tavares wins face-off versus Tyler Seguin in ANAHEIM Ducks zone.
19:44 of 1st period - Shot by Duncan Keith.
19:44 of 1st period - Shot Blocked by Brandon Carlo.
Goals for this period are 2 for NEW JERSEY Devils vs 0 for ANAHEIM Ducks.
Shots for this period are 15 for NEW JERSEY Devils vs 13 for ANAHEIM Ducks.

2nd period


0:01 of 2nd period - Paul Byron wins face-off versus Joe Pavelski in neutral zone.
0:16 of 2nd period - Shot by John Carlson.
0:16 of 2nd period - Shot Blocked by Mark Giordano.
1:22 of 2nd period - Shot by Tyler Toffoli.
1:22 of 2nd period - Goal by Tyler Toffoli - NEW JERSEY Devils : 2 - ANAHEIM Ducks : 1.
1:23 of 2nd period - Adam Henrique wins face-off versus Mathew Barzal in neutral zone.
1:35 of 2nd period - Mathew Barzal is hit by Adam Henrique and loses puck.
1:49 of 2nd period - Mathew Barzal is hit by Ryan McDonagh and loses puck.
1:52 of 2nd period - Shot by Justin Williams.
1:52 of 2nd period - Stopped by Connor Hellebuyck without a rebound.
1:53 of 2nd period - John Tavares wins face-off versus Tyler Seguin in NEW JERSEY Devils zone.
2:05 of 2nd period - Shot by Tyler Toffoli.
2:05 of 2nd period - Stopped by Connor Hellebuyck without a rebound.
2:06 of 2nd period - J.T. Compher wins face-off versus Matt Cullen in NEW JERSEY Devils zone.
2:36 of 2nd period - Clayton Keller is hit by Duncan Keith and loses puck.
2:43 of 2nd period - Shot by John Carlson.
2:43 of 2nd period - Stopped by Connor Hellebuyck without a rebound.
2:44 of 2nd period - Tyler Seguin wins face-off versus John Tavares in NEW JERSEY Devils zone.
3:03 of 2nd period - Shot by Steven Stamkos.
3:03 of 2nd period - Deflect By Jamie Benn.
3:03 of 2nd period - Stopped by Cam Talbot without a rebound.
3:04 of 2nd period - Adam Henrique wins face-off versus Paul Byron in ANAHEIM Ducks zone.
3:08 of 2nd period - Ondrej Palat is hit by Robert Hagg.
4:08 of 2nd period - Shot by Jamie Benn.
4:08 of 2nd period - Shot Misses the Net.
5:35 of 2nd period - Shot by Jakub Voracek.
5:35 of 2nd period - Stopped by Cam Talbot without a rebound.
5:36 of 2nd period - Adam Henrique wins face-off versus Matt Cullen in ANAHEIM Ducks zone.
5:53 of 2nd period - Shot by Cam Atkinson.
5:53 of 2nd period - Shot Misses the Net.
5:55 of 2nd period - Shot by Adam Henrique.
5:55 of 2nd period - Stopped by Cam Talbot with a rebound.
5:57 of 2nd period - Shot by Adam Henrique.
5:57 of 2nd period - Stopped by Cam Talbot without a rebound.
5:58 of 2nd period - Joe Pavelski wins face-off versus Paul Byron in ANAHEIM Ducks zone.
6:11 of 2nd period - Jakub Voracek is hit by Vladimir Tarasenko.
6:40 of 2nd period - Vladimir Tarasenko is hit by Duncan Keith and loses puck.
6:43 of 2nd period - Shot by John Carlson.
6:43 of 2nd period - Deflect By Vladimir Tarasenko.
6:43 of 2nd period - Shot Misses the Net.
7:00 of 2nd period - Tyler Toffoli is hit by Ryan McDonagh and loses puck.
8:13 of 2nd period - John Tavares is hit by Dougie Hamilton and loses puck.
8:26 of 2nd period - John Tavares is hit by Jesper Fast and loses puck.
8:34 of 2nd period - Off-side.
8:35 of 2nd period - Paul Byron wins face-off versus Adam Henrique in neutral zone.
8:37 of 2nd period - Mikko Rantanen is hit by Luke Schenn and loses puck.
8:57 of 2nd period - Icing by Alexander Edler.
8:58 of 2nd period - Vladimir Tarasenko wins face-off versus J.T. Compher in ANAHEIM Ducks zone.
9:05 of 2nd period - Shot by Vladimir Tarasenko.
9:05 of 2nd period - Shot Blocked by Mark Giordano.
9:07 of 2nd period - Shot by Vladimir Tarasenko.
9:07 of 2nd period - Goal by Vladimir Tarasenko - NEW JERSEY Devils : 2 - ANAHEIM Ducks : 2.
9:08 of 2nd period - Tyler Seguin wins face-off versus Adam Henrique in neutral zone.
9:20 of 2nd period - Tyler Seguin is hit by Luke Schenn and loses puck.
9:45 of 2nd period - Shot by Cam Atkinson.
9:45 of 2nd period - Shot Misses the Net.
9:52 of 2nd period - Jack Johnson is hit by Luke Schenn and loses puck.
11:20 of 2nd period - Robert Hagg is hit by Roman Josi and loses puck.
11:24 of 2nd period - Icing by Mark Giordano.
11:25 of 2nd period - John Tavares wins face-off versus Tyler Seguin in NEW JERSEY Devils zone.
11:25 of 2nd period - Steven Stamkos is hit by Tyler Toffoli.
11:29 of 2nd period - Shot by Tyler Seguin.
11:29 of 2nd period - Stopped by Connor Hellebuyck with a rebound.
11:46 of 2nd period - Icing by Jamie Benn.
11:47 of 2nd period - Mathew Barzal wins face-off versus John Tavares in NEW JERSEY Devils zone.
11:47 of 2nd period - Mathew Barzal is hit by Roman Josi.
11:52 of 2nd period - Icing by Roman Josi.
11:53 of 2nd period - John Tavares wins face-off versus Tyler Seguin in NEW JERSEY Devils zone.
12:11 of 2nd period - Ryan McDonagh is hit by Alex Ovechkin and loses puck.
12:39 of 2nd period - Off-side.
12:40 of 2nd period - Joe Pavelski wins face-off versus Mathew Barzal in neutral zone.
12:45 of 2nd period - Shot by Rickard Rakell.
12:45 of 2nd period - Shot Misses the Net.
14:00 of 2nd period - Shot by Mikko Rantanen.
14:00 of 2nd period - Stopped by Connor Hellebuyck without a rebound.
14:01 of 2nd period - J.T. Compher wins face-off versus Tyler Seguin in NEW JERSEY Devils zone.
14:15 of 2nd period - Minor Penalty to Brendan Leipsic for Hooking.
14:16 of 2nd period - Adam Henrique wins face-off versus Tyler Seguin in NEW JERSEY Devils zone.
14:16 of 2nd period - Adam Henrique is hit by Alex Ovechkin.
15:24 of 2nd period - Shot by Vladimir Tarasenko.
15:24 of 2nd period - Shot Misses the Net.
15:26 of 2nd period - Shot by Vladimir Tarasenko.
15:26 of 2nd period - Shot Misses the Net.
15:28 of 2nd period - Shot by Dougie Hamilton.
15:28 of 2nd period - Stopped by Connor Hellebuyck without a rebound.
15:29 of 2nd period - Adam Henrique wins face-off versus Paul Byron in NEW JERSEY Devils zone.
16:31 of 2nd period - Jesper Fast is hit by Jamie Benn and loses puck.
16:41 of 2nd period - John Carlson is hit by Duncan Keith and loses puck.
17:54 of 2nd period - Shot by Tyler Toffoli.
17:54 of 2nd period - Shot Misses the Net.
17:56 of 2nd period - Shot by Jack Johnson.
17:56 of 2nd period - Deflect By Tyler Seguin.
17:56 of 2nd period - Shot Blocked by Roman Josi.
18:18 of 2nd period - Shot by Mikko Rantanen.
18:18 of 2nd period - Stopped by Connor Hellebuyck with a rebound.
18:20 of 2nd period - Shot by Vladimir Tarasenko.
18:20 of 2nd period - Stopped by Connor Hellebuyck with a rebound.
18:28 of 2nd period - Shot by Mikko Rantanen.
18:28 of 2nd period - Stopped by Connor Hellebuyck without a rebound.
18:29 of 2nd period - Matt Cullen wins face-off versus Adam Henrique in NEW JERSEY Devils zone.
18:36 of 2nd period - Shot by Clayton Keller.
18:36 of 2nd period - Stopped by Connor Hellebuyck without a rebound.
18:37 of 2nd period - Adam Henrique wins face-off versus Matt Cullen in NEW JERSEY Devils zone.
18:37 of 2nd period - Adam Henrique is hit by Matt Cullen.
19:09 of 2nd period - Shot by Cam Atkinson.
19:09 of 2nd period - Stopped by Cam Talbot with a rebound.
19:24 of 2nd period - Clayton Keller is hit by Ondrej Palat and loses puck.
Goals for this period are 0 for NEW JERSEY Devils vs 2 for ANAHEIM Ducks.
Shots for this period are 5 for NEW JERSEY Devils vs 12 for ANAHEIM Ducks.

3rd period


0:01 of 3rd period - Tyler Seguin wins face-off versus Joe Pavelski in neutral zone.
0:03 of 3rd period - Alexander Edler is hit by Ryan McDonagh and loses puck.
0:30 of 3rd period - Shot by Alex Ovechkin.
0:30 of 3rd period - Stopped by Connor Hellebuyck without a rebound.
0:31 of 3rd period - Adam Henrique wins face-off versus Paul Byron in NEW JERSEY Devils zone.
1:35 of 3rd period - Shot by Jamie Benn.
1:35 of 3rd period - Stopped by Cam Talbot without a rebound.
1:36 of 3rd period - Joe Pavelski wins face-off versus Tyler Seguin in ANAHEIM Ducks zone.
2:13 of 3rd period - Shot by Alex Ovechkin.
2:13 of 3rd period - Shot Misses the Net.
2:15 of 3rd period - Shot by John Carlson.
2:15 of 3rd period - Shot Misses the Net.
2:19 of 3rd period - Shot by Tyler Seguin.
2:19 of 3rd period - Shot Misses the Net.
2:21 of 3rd period - Shot by Tyler Seguin.
2:21 of 3rd period - Shot Misses the Net.
2:23 of 3rd period - Shot by Alexander Edler.
2:23 of 3rd period - Shot Misses the Net.
2:55 of 3rd period - Shot by Justin Williams.
2:55 of 3rd period - Stopped by Connor Hellebuyck with a rebound.
3:30 of 3rd period - Shot by Matt Cullen.
3:30 of 3rd period - Shot Misses the Net.
3:32 of 3rd period - Shot by Alan Quine.
3:32 of 3rd period - Stopped by Connor Hellebuyck without a rebound.
3:33 of 3rd period - John Tavares wins face-off versus Paul Byron in NEW JERSEY Devils zone.
3:33 of 3rd period - John Tavares is hit by Vladimir Tarasenko.
3:40 of 3rd period - Icing by Steven Stamkos.
3:41 of 3rd period - Tyler Seguin wins face-off versus John Tavares in NEW JERSEY Devils zone.
3:41 of 3rd period - John Carlson is hit by Ryan McDonagh and loses puck.
3:51 of 3rd period - Icing by John Carlson.
3:52 of 3rd period - Adam Henrique wins face-off versus Tyler Seguin in ANAHEIM Ducks zone.
4:06 of 3rd period - Off-side.
4:07 of 3rd period - John Tavares wins face-off versus Paul Byron in neutral zone.
4:22 of 3rd period - Icing by Duncan Keith.
4:23 of 3rd period - Jamie Benn wins face-off versus Tyler Seguin in NEW JERSEY Devils zone.
4:23 of 3rd period - Jamie Benn is hit by Alex Ovechkin.
4:29 of 3rd period - Minor Penalty to Alex Ovechkin for Holding.
4:30 of 3rd period - John Tavares wins face-off versus Paul Byron in ANAHEIM Ducks zone.
4:31 of 3rd period - Shot by Roman Josi.
4:31 of 3rd period - Shot Misses the Net.
4:33 of 3rd period - Shot by Roman Josi.
4:33 of 3rd period - Goal by Roman Josi - NEW JERSEY Devils : 3 - ANAHEIM Ducks : 2.
4:34 of 3rd period - Adam Henrique wins face-off versus Tyler Seguin in neutral zone.
5:16 of 3rd period - Icing by Ryan McDonagh.
5:17 of 3rd period - Cam Atkinson wins face-off versus Paul Byron in NEW JERSEY Devils zone.
5:27 of 3rd period - Icing by Brandon Carlo.
5:28 of 3rd period - John Tavares wins face-off versus Paul Byron in ANAHEIM Ducks zone.
5:56 of 3rd period - Off-side.
5:57 of 3rd period - Tyler Toffoli wins face-off versus Joe Pavelski in neutral zone.
6:31 of 3rd period - Icing by Alexander Petrovic.
6:32 of 3rd period - Joe Pavelski wins face-off versus Paul Byron in NEW JERSEY Devils zone.
7:13 of 3rd period - Shot by Steven Stamkos.
7:13 of 3rd period - Shot Blocked by Brandon Carlo.
7:23 of 3rd period - Shot by Steven Stamkos.
7:23 of 3rd period - Shot Misses the Net.
7:25 of 3rd period - Shot by Mark Giordano.
7:25 of 3rd period - Stopped by Cam Talbot without a rebound.
7:26 of 3rd period - Tyler Seguin wins face-off versus Adam Henrique in ANAHEIM Ducks zone.
7:31 of 3rd period - Cam Atkinson is hit by Alex Ovechkin and loses puck.
8:54 of 3rd period - Shot by Steven Stamkos.
8:54 of 3rd period - Shot Misses the Net.
8:56 of 3rd period - Shot by Mark Giordano.
8:56 of 3rd period - Stopped by Cam Talbot with a rebound.
9:16 of 3rd period - Off-side.
9:17 of 3rd period - Mikko Rantanen wins face-off versus Joe Pavelski in neutral zone.
9:22 of 3rd period - Shot by Vladimir Tarasenko.
9:22 of 3rd period - Stopped by Connor Hellebuyck without a rebound.
9:23 of 3rd period - Paul Byron wins face-off versus Joe Pavelski in NEW JERSEY Devils zone.
9:43 of 3rd period - Mikko Rantanen is hit by Ryan McDonagh and loses puck.
9:57 of 3rd period - Shot by Vladimir Tarasenko.
9:57 of 3rd period - Stopped by Connor Hellebuyck with a rebound.
10:02 of 3rd period - Joe Pavelski is hit by Brandon Carlo and loses puck.
12:37 of 3rd period - Ryan McDonagh is hit by Alan Quine and loses puck.
12:53 of 3rd period - Icing by John Carlson.
12:54 of 3rd period - John Tavares wins face-off versus Matt Cullen in ANAHEIM Ducks zone.
13:13 of 3rd period - Icing by John Carlson.
13:14 of 3rd period - Adam Henrique wins face-off versus Matt Cullen in ANAHEIM Ducks zone.
13:29 of 3rd period - Shot by Adam Henrique.
13:29 of 3rd period - Stopped by Cam Talbot without a rebound.
13:30 of 3rd period - John Tavares wins face-off versus Tyler Seguin in ANAHEIM Ducks zone.
13:37 of 3rd period - Shot by Steven Stamkos.
13:37 of 3rd period - Shot Misses the Net.
13:39 of 3rd period - Shot by Roman Josi.
13:39 of 3rd period - Shot Blocked by Dougie Hamilton.
13:41 of 3rd period - Shot by Roman Josi.
13:41 of 3rd period - Shot Blocked by Robert Hagg.
13:43 of 3rd period - Shot by Steven Stamkos.
13:43 of 3rd period - Stopped by Cam Talbot with a rebound.
13:45 of 3rd period - Shot by Jamie Benn.
13:45 of 3rd period - Shot Misses the Net.
13:57 of 3rd period - Shot by Steven Stamkos.
13:57 of 3rd period - Shot Blocked by Tyler Toffoli.
13:59 of 3rd period - Shot by Steven Stamkos.
13:59 of 3rd period - Deflect By John Tavares.
13:59 of 3rd period - Shot Misses the Net.
14:01 of 3rd period - Shot by Mark Giordano.
14:01 of 3rd period - Shot Misses the Net.
14:03 of 3rd period - Shot by John Tavares.
14:03 of 3rd period - Shot Hit the Post.
14:13 of 3rd period - Shot by Jamie Benn.
14:13 of 3rd period - Stopped by Cam Talbot without a rebound.
14:14 of 3rd period - Mathew Barzal wins face-off versus Adam Henrique in ANAHEIM Ducks zone.
14:49 of 3rd period - Shot by Ondrej Palat.
14:49 of 3rd period - Stopped by Cam Talbot without a rebound.
14:50 of 3rd period - Paul Byron wins face-off versus Joe Pavelski in ANAHEIM Ducks zone.
14:59 of 3rd period - Brandon Carlo is hit by Luke Schenn and loses puck.
15:48 of 3rd period - Tyler Toffoli is hit by Luke Schenn and loses puck.
16:04 of 3rd period - Icing by Ryan McDonagh.
16:05 of 3rd period - John Tavares wins face-off versus Mathew Barzal in NEW JERSEY Devils zone.
16:33 of 3rd period - Shot by John Carlson.
16:33 of 3rd period - Stopped by Connor Hellebuyck without a rebound.
16:34 of 3rd period - Adam Henrique wins face-off versus Tyler Seguin in NEW JERSEY Devils zone.
16:34 of 3rd period - Minor Penalty to Alex Ovechkin for Elbowing.
16:35 of 3rd period - John Tavares wins face-off versus Jesper Fast in ANAHEIM Ducks zone.
16:50 of 3rd period - Shot by Steven Stamkos.
16:50 of 3rd period - Shot Misses the Net.
17:17 of 3rd period - Shot by John Tavares.
17:17 of 3rd period - Shot Blocked by John Carlson.
17:51 of 3rd period - Shot by Rickard Rakell.
17:51 of 3rd period - Shot Misses the Net.
17:53 of 3rd period - Shot by Duncan Keith.
17:53 of 3rd period - Shot Blocked by Brandon Carlo.
17:55 of 3rd period - Shot by Duncan Keith.
17:55 of 3rd period - Shot Misses the Net.
18:29 of 3rd period - Shot by Steven Stamkos.
18:29 of 3rd period - Stopped by Cam Talbot without a rebound.
18:30 of 3rd period - Joe Pavelski wins face-off versus Paul Byron in ANAHEIM Ducks zone.
18:31 of 3rd period - Shot by Roman Josi.
18:31 of 3rd period - Shot Misses the Net.
19:08 of 3rd period - ANAHEIM Ducks, Cam Talbot is pulled from the net.
19:12 of 3rd period - Shot by Alex Ovechkin.
19:12 of 3rd period - Stopped by Connor Hellebuyck without a rebound.
19:13 of 3rd period - Jamie Benn wins face-off versus Mathew Barzal in NEW JERSEY Devils zone.
19:17 of 3rd period - Off-side.
19:18 of 3rd period - Jamie Benn wins face-off versus Mathew Barzal in neutral zone.
19:37 of 3rd period - Shot by Rickard Rakell.
19:37 of 3rd period - Goal by Rickard Rakell - NEW JERSEY Devils : 4 - ANAHEIM Ducks : 2.
19:37 of 3rd period - Cam Talbot from ANAHEIM Ducks was sent back in the game.
19:38 of 3rd period - Matt Cullen wins face-off versus Adam Henrique in neutral zone.
19:41 of 3rd period - Shot by Clayton Keller.
19:41 of 3rd period - Shot Blocked by Duncan Keith.
19:43 of 3rd period - Shot by Brandon Carlo.
19:43 of 3rd period - Shot Blocked by Ryan McDonagh.
19:45 of 3rd period - Shot by Jack Johnson.
19:45 of 3rd period - Shot Misses the Net.
19:47 of 3rd period - Shot by Alan Quine.
19:47 of 3rd period - Stopped by Connor Hellebuyck without a rebound.
19:48 of 3rd period - John Tavares wins face-off versus Mathew Barzal in NEW JERSEY Devils zone.
19:59 of 3rd period - Shot by Jamie Benn.
19:59 of 3rd period - Shot Misses the Net.
Goals for this period are 2 for NEW JERSEY Devils vs 0 for ANAHEIM Ducks.
Shots for this period are 10 for NEW JERSEY Devils vs 8 for ANAHEIM Ducks.